 Dungeon Crawl Stone Soup version 0.29.1-12-g30fa7ad0bf (webtiles) character file.

Game seed: 16374609712434811111

14890 BigDaddyOpFi the Fighter (level 11, -6/100 HPs)
             Began as a Palentonga Berserker on Jan 10, 2023.
             Was an Elder of Trog.
             Mangled by a swamp worm (10 damage)
             ... on level 2 of the Lair of Beasts on Jan 11, 2023.
             The game lasted 00:25:42 (19271 turns).

BigDaddyOpFi the Fighter (Palentonga Berserker)    Turns: 19271, Time: 00:25:42

Health: -6/100     AC: 24    Str: 26    XL:     11   Next: 94%
Magic:  11/11      EV:  7    Int:  8    God:    Trog [****..]
Gold:   724        SH:  0    Dex: 10    Spells: 10/10 levels left

rFire   + . .      SeeInvis +   f - +4 war axe (spect)
rCold   x . .      Faith    .   (no shield)
rNeg    . . .      Spirit   .   z - +3 plate armour
rPois   +          Reflect  .   l - +0 helmet
rElec   .          Harm     .   v - +0 cloak
rCorr   .          Rampage  .   (no gloves)
Will    .....                   (no barding)
Stlth   ..........              (no amulet)
HPRegen 0.26/turn               e - ring of poison resistance
MPRegen 0.12/turn               t - ring of fire

@: about to teleport, studying Fighting, curled up
A: large, rugged brown scales 3, see invisible, deformed body, roll 1, armoured
tail, reflexive curl
a: Rolling Charge, Renounce Religion, Berserk, Trog's Hand, Brothers in Arms


You were on level 2 of the Lair of Beasts.
You worshipped Trog.
Trog was greatly pleased with you.
You visited 2 branches of the dungeon, and saw 13 of its levels.
You also visited: Sewer.

You collected 724 gold pieces.

Inventory:

Hand Weapons
 f - a +4 spectral war axe (weapon)
 m - the +7 war axe "Mingetre" {elec, +Blink rElec Str-2 Stlth+}
   (You found it on level 8 of the Dungeon)

   It occasionally discharges a powerful burst of electricity upon striking a
   foe.
   Str:       It affects your strength (-2).
   rElec:     It insulates you from electricity.
   +Blink:    It lets you blink.
   Stlth:     It makes you more stealthy.
Missiles
 C - 11 poisoned darts
Armour
 l - a +0 helmet (worn)
 r - a +0 buckler
 v - a +0 cloak (worn)
 z - a +3 plate armour (worn)
Jewellery
 e - a ring of poison resistance (left hand)
 k - a ring of ice
 t - a ring of fire (right hand)
 w - a ring of fire
 D - a ring of fire
Wands
 b - a wand of flame (45)
 n - a wand of digging (3)
 q - a wand of quicksilver (3)
 u - a wand of mindburst (22)
 x - a wand of roots (13)
 y - a wand of polymorph (12)
Scrolls
 g - a scroll of immolation {unknown}
 j - 4 scrolls of teleportation
 s - 2 scrolls of fog
 A - 6 scrolls of identify
Potions
 a - 3 potions of mutation
 c - 4 potions of lignification
 d - 7 potions of ambrosia
 h - a potion of attraction
 i - a potion of haste
 o - a potion of degeneration
 p - a potion of invisibility
 B - a potion of might {unknown}
 E - a potion of flight


   Skills:
 + Level 11.6 Fighting
 + Level 10.0 Axes
 + Level 8.1 Armour
 + Level 8.1 Dodging
 + Level 4.8 Shields


You had 10 spell levels left.
You didn't know any spells.
Your spell library was empty.

Dungeon Overview and Level Annotations

Branches:
Dungeon (11/15)            Temple (0/1) D:4            Lair (2/5) D:10
  Swamp (0/4) Lair:2        Sewer (visited)
  Snake: Lair:2-3    Spider: Lair:2-3       Orc: D:9-12

Altars:
Kikubaaqudgha
Trog
Xom

Shops:
D:4 =

Annotations:
D:6 2 runed translucent doors, g2d2rocker's ghost, novice DsAK
D:11 Fannar


Innate Abilities, Weirdness & Mutations

You are completely covered in rugged brown scales. (AC +3, +7% HP)
You have supernaturally acute eyesight. (SInv)
Armour fits poorly on your strangely shaped body.
You can roll at nearby foes to attack.
You have a long armoured tail.
You curl defensively after being hit. (AC +7*)


Message History

A swamp worm and an electric eel come into view.
The swamp worm bites you.
Found a staircase to the Swamp.
You barely miss the swamp worm.
Your +4 spectral war axe hits the swamp worm!
The swamp worm fires a harpoon shot at you.
The harpoon shot misses your +4 spectral war axe.
The harpoon shot hits you.
You are yanked forward by the harpoon shot.
You collide with your +4 spectral war axe!
Your spectral weapon shares its damage with you!
Your +4 spectral war axe is moderately damaged.
The electric eel shoots out a bolt of lightning at you!
The bolt of electricity hits your +4 spectral war axe.
Your +4 spectral war axe resists.
Your spectral weapon shares its damage with you!
The bolt of electricity hits you but does no damage.
The swamp worm bites you.
Unknown command.
The electric eel shoots out a bolt of lightning at you!
The bolt of electricity hits you!
The swamp worm fires a harpoon shot at you.
The harpoon shot hits you!
You are yanked forward by the harpoon shot.
The swamp worm fires a harpoon shot at you.
The harpoon shot hits you.
You are yanked forward by the harpoon shot.
The electric eel shoots out a bolt of lightning at you!
The bolt of electricity hits you!
* * * LOW HITPOINT WARNING * * *
As you read the scroll of teleportation, it crumbles to dust.
You feel strangely unstable.
The swamp worm fires a harpoon shot at you.
The harpoon shot hits you!
* * * LOW HITPOINT WARNING * * *
You are yanked forward by the harpoon shot.
The swamp worm bites you.
* * * LOW HITPOINT WARNING * * *
The swamp worm bites you!
You die...

###.####.....♣≈..≈♣............#
# ### #......♣~..≈♣.#.#####....#
###....♣♣~♣.~♣♣#..## ##...#
#......♣♣♣..♣♣ ♣...# #(..## ####
###....♣♣≈♣.~♣ ♣..## #.....
##.####P....♣♣≈..~♣♣#..# #.....
............♣♣~♣.~♣♣..## #.....
............♣♣≈w.~♣♣...# ##.....
##.####..#..♣♣≈♣@~♣♣...# #......
### #...###♣♣♣w.♣♣♣..## #......
#...# ♣§§.~♣...P####...... ##..#
♣§§§S♣.....##.#.....
##...####♣§§§≈♣.........†....
#####.#...##.♣♣♣♣♣♣..............
#...#.........♣♣♣♣.......†.....#.
...............♣♣.##...#...P...##
....................).....~....♣♣


You could see 2 swamp worms and an electric eel.

Vanquished Creatures
  2 two-headed ogres (D:10)
  A tengu warrior (D:8)
  A gargoyle (D:9)
  2 cane toads (Lair:2)
  A rime drake (Lair:2)
  A kobold demonologist (D:9)
  A queen bee (Lair:1)
  3 trolls
  A hornet (D:7)
  Sigmund (D:5)
  3 wyverns
  3 basilisks
  9 yaks
  2 wraiths (D:10)
  2 steam dragons
  A vampire mosquito (D:8)
  3 swamp worms (Lair:2)
  4 water moccasins
  A sky beast (D:5)
  2 ice beasts
  3 black bears
  3 ogres
  3 orc warriors
  3 centaurs
  9 wolves
  A phantom (D:7)
  9 bullfrogs
  7 kobold brigands
  3 scorpions
  4 gnoll sergeants
  3 wights (D:6)
  27 killer bees
  4 howler monkeys
  2 electric eels (D:10)
  3 jellies
  A gnoll bouda (D:8)
  9 hounds
  Crazy Yiuf (D:6)
  10 orc priests
  3 iguanas
  7 orc wizards
  25 gnolls
  15 adders
  3 shadow imps
  2 white imps
  A worm (D:2)
  3 dart slugs
  38 orcs
  5 bats
  8 endoplasms
  5 giant cockroaches
  7 goblins
  7 hobgoblins
  15 jackals
  4 quokkas
  14 ball pythons
  6 frilled lizards
  20 kobolds
  7 rats
344 creatures vanquished.

Vanquished Creatures (collateral kills)
  A phantom (D:7)
  4 killer bees (D:7)
5 creatures vanquished.

Vanquished Creatures (others)
  A hound (D:10)
  14 plants
15 creatures vanquished.

Grand Total: 364 creatures vanquished

Notes
Turn   | Place    | Note
-------+----------+-------------------------------------------
     0 | D:1      | BigDaddyOpFi the Palentonga Berserker began the quest for
                  | the Orb.
     0 | D:1      | Reached XP level 1. HP: 19/19 MP: 1/1
   174 | D:1      | Reached XP level 2. HP: 20/25 MP: 2/2
   684 | D:1      | Reached ** piety under Trog
   685 | D:1      | Reached XP level 3. HP: 30/31 MP: 3/3
   944 | D:1      | Found a faded altar of an unknown god.
  1253 | D:2      | Reached XP level 4. HP: 37/37 MP: 4/4
  1735 | D:2      | Found an ancient bone altar of Kikubaaqudgha.
  2630 | D:3      | Reached XP level 5. HP: 42/44 MP: 5/5
  2633 | D:3      | Found a glowing drain.
  2637 | Sewer    | Entered a sewer
  2653 | Sewer    | Reached skill level 4 in Fighting
  2683 | Sewer    | Reached XP level 6. HP: 51/51 MP: 6/6
  3386 | D:3      | Reached *** piety under Trog
  3813 | D:4      | Gained mutation: You curl defensively after being hit. (AC
                  | +7*) [Palentonga growth]
  3813 | D:4      | Reached XP level 7. HP: 44/58 MP: 7/7
  4010 | D:4      | Reached skill level 5 in Fighting
  4010 | D:4      | Reached skill level 5 in Axes
  4175 | D:4      | Found Obuehy's Jewellery Boutique.
  4961 | D:4      | Found a staircase to the Ecumenical Temple.
  5179 | D:5      | Entered Level 5 of the Dungeon
  5185 | D:5      | Noticed Sigmund
  5192 | D:5      | Killed Sigmund
  5193 | D:5      | Reached XP level 8. HP: 63/67 MP: 8/8
  6003 | D:5      | Reached skill level 6 in Fighting
  6251 | D:5      | Reached **** piety under Trog
  6252 | D:5      | Reached skill level 5 in Armour
  6252 | D:5      | Reached skill level 5 in Dodging
  6723 | D:6      | Found a runed translucent door.
  6723 | D:6      | Noticed g2d2rocker's ghost (novice DsAK)
  6837 | D:6      | Reached XP level 9. HP: 75/75 MP: 9/9
  7035 | D:6      | Found a runed translucent door.
  7376 | D:6      | Found a bloodstained altar of Trog.
  7376 | D:6      | Found a shimmering altar of Xom.
  7525 | D:6      | Found a runed translucent door.
  7526 | D:6      | Noticed Crazy Yiuf
  7723 | D:6      | Killed Crazy Yiuf
  7724 | D:6      | Reached skill level 7 in Fighting
  8511 | D:7      | Paralysed by a hornet for 1 turns
  9357 | D:7      | Reached XP level 10. HP: 80/85 MP: 10/10
  9812 | D:7      | Reached skill level 8 in Fighting
 10289 | D:8      | Identified the +7 war axe "Mingetre" {elec, +Blink rElec
                  | Str-2 Stlth+}
 10303 | D:8      | Noticed a tengu warrior
 10315 | D:8      | Killed a tengu warrior
 10767 | D:8      | Reached ***** piety under Trog
 11392 | D:8      | Reached skill level 1 in Shields
 11541 | D:8      | Reached skill level 9 in Fighting
 11843 | D:9      | Received a gift from Trog
 12116 | D:9      | Noticed a gargoyle
 12119 | D:9      | Killed a gargoyle
 13234 | D:10     | Entered Level 10 of the Dungeon
 13234 | D:10     | Noticed a two-headed ogre
 13238 | D:10     | Killed a two-headed ogre
 13656 | D:9      | Reached XP level 11. HP: 59/96 MP: 11/11
 14007 | D:10     | Found a staircase to the Lair.
 14276 | D:10     | Reached skill level 10 in Fighting
 14662 | D:10     | Noticed a two-headed ogre
 14668 | D:10     | Killed a two-headed ogre
 14855 | D:11     | Noticed Fannar
 15075 | Lair:1   | Entered Level 1 of the Lair of Beasts
 16416 | Lair:1   | Reached skill level 11 in Fighting
 18783 | Lair:2   | Reached skill level 10 in Axes
 19267 | Lair:2   | Found a staircase to the Swamp.
 19271 | Lair:2   | HP: 4/100 [swamp worm (3)]
 19271 | Lair:2   | Mangled by a swamp worm

Illustrated notes

Levels and vault maps discovered:
D:1:      scummos_arrival_checkerplants, layout_basic,
          dreamdust_ecumenical_altar_angels_and_demons, chequers_mini_garden,
          kennysheep_flooded_box
D:2:      layout_rooms, basic_altar
D:3:      kennysheep_big_flooded_room, layout_basic, gup_sewer_entry_spiral,
          st_stairs_11
D:4:      layout_basic, minmay_temple_entry_hall, serial_shops,
          nicolae_shop_trees
D:5:      layout_rooms, st_stairs_9, uniq_sigmund
D:6:      layout_basic, grunt_temple_overflow_open, ebering_ghost_sewer_f,
          uniq_crazy_yiuf_cottage
D:7:      layout_loops_ring, minmay_manual_maat
D:8:      layout_basic, kb_rosetta
D:9:      layout_basic, nicolae_figureground_pulse
D:10:     layout_rooms, erik_lair_island, chequers_serial_rivers_micro_d
D:11:     layout_cave_pools, uniq_fannar
Lair:1:   layout_roguey [special_room_bee]
Lair:2:   layout_chaotic_city, nicolae_swamp_entry_splash_gauntlet,
          nicolae_quartered_pool_super, guppyfry_lair_drakes

Skill      XL: |  1  2  3  4  5  6  7  8  9 10 11 |
---------------+----------------------------------+-----
Armour         | 2 3 4 5 6 7 8 |  8.1
Dodging        | 2 3 4 5 6 7 8 |  8.1
Fighting       | 4 5 6 7 9 11 | 11.6
Axes           | 4 5 6 7 9 10 | 10.0
Shields        | 2 4 |  4.8

Action                   |  1- 3 |  4- 6 |  7- 9 | 10-12 || total
-------------------------+-------+-------+-------+-------++-------
Melee: Hand axe          |   106 |    53 |       |       ||   159
       Tailslap          |    12 |    12 |    30 |    43 ||    97
       Punch             |     1 |     2 |     3 |    11 ||    17
       War axe           |       |    76 |   215 |   364 ||   655
Invok: Berserk           |       |       |     2 |     3 ||     5
       Brothers in Arms  |       |       |     1 |       ||     1
 Abil: Rolling Charge    |    17 |     4 |    27 |    26 ||    74
Evoke: Wand              |       |       |     2 |       ||     2
  Use: Scroll            |       |     4 |     7 |     8 ||    19
       Potion            |       |       |     6 |    11 ||    17
Armor: Chain mail        |    56 |    75 |   159 |    63 ||   353
       Animal skin       |     2 |       |       |       ||     2
       Skin              |       |       |    22 |       ||    22
       Plate armour      |       |       |       |   204 ||   204
Dodge: Dodged            |    38 |    52 |    94 |   144 ||   328
